 Dungeon Crawl Stone Soup version 0.28-a0-1429-gf3d713df7a (webtiles) character file.

Game seed: 1513381875430530121

50 rocketpapaya the Chopper (level 3, -5/23 HPs)
             Began as a Gargoyle Fighter on Jan 9, 2022.
             Killed from afar by an orc wizard (9 damage)
             ... with a puff of flame
             ... on level 2 of the Dungeon.
             The game lasted 00:01:24 (801 turns).

rocketpapaya the Chopper (Gargoyle Fighter)          Turns: 801, Time: 00:01:25

Health: -5/23      AC: 10    Str: 19    XL:     3   Next: 79%
Magic:  3/3        EV:  9    Int:  8    God:
Gold:   45         SH:  4    Dex: 11    Spells: 2/2 levels left

rFire   . . .      SeeInvis .   a - +0 war axe
rCold   . . .      Faith    .   c - +0 buckler
rNeg    + . .      Spirit   .   b - +0 scale mail
rPois   ∞          Reflect  .   (no helmet)
rElec   +          Harm     .   (no cloak)
rCorr   .          Rampage  .   (no gloves)
Will    .....                   (no boots)
Stlth   ..........              (no amulet)
HPRegen 0.07/turn               (no ring)
MPRegen 0.08/turn               (no ring)

@: no status effects
A: sickness immunity, AC +3, negative energy resistance 1, electricity
resistance, torment resistance 1, petrification resistance
a: no special abilities


You were on level 2 of the Dungeon.
You visited 1 branch of the dungeon, and saw 2 of its levels.

You collected 45 gold pieces.

Inventory:

Hand Weapons
 a - a +0 war axe (weapon)
Armour
 b - a +0 scale mail (worn)
 c - a +0 buckler (worn)
Scrolls
 e - a scroll of amnesia {unknown}
 g - a scroll of teleportation {unknown}
Potions
 d - a potion of might
 f - a potion of ambrosia {unknown}


   Skills:
 - Level 3.2 Fighting
 + Level 3.6 Axes
 - Level 3.2 Armour
 - Level 3.2 Shields


You had 2 spell levels left.
You didn't know any spells.
Your spell library contained the following spells:

 Spells                   Type           Power      Damage    Failure   Level
 Animate Skeleton         Necr           0%         N/A       86%         1
 Pain                     Necr           0%         1d4       86%         1
 Corpse Rot               Necr/Air       0%         N/A       95%         2
 Poisonous Vapours        Pois/Air       0%         N/A       95%         2
 Vampiric Draining        Necr           0%         2d6       99%         3


Dungeon Overview and Level Annotations

Branches:
Dungeon (2/15)

Altars:


Innate Abilities, Weirdness & Mutations

You are immune to sickness and miasma.
Your stone body is resilient. (AC +3)
You are immune to poison.
You resist negative energy. (rN+)
You are resistant to electric shocks. (rElec)
You are resistant to unholy torment.
You are immune to petrification.


Message History

You closely miss the orc. You barely miss the quokka. You miss the orc wizard.
You feel less confused. The orc hits you with a +0 flail. The quokka bites you.
The orc wizard hits you but does no damage.
The orc barely misses you.
You barely miss the orc wizard.
The orc wizard is lightly wounded.
You barely miss something. You slash the quokka!
You kill the quokka!
You hit the orc. Something hits you.
The orc wizard hits you but does no damage.
The orc hits you but does no damage. Something hits you but does no damage.
The orc wizard gestures wildly while chanting.
The orc wizard flickers and vanishes!
A puff of flame appears from out of thin air!
The puff of flame hits something.
Something tries to affect you, but you resist.
A puff of flame appears from out of thin air!
The puff of flame hits something!
You hit something.
Reactivating autopickup.
You feel a bit more experienced.
You slash the orc!
You kill the orc!
Something hits you but does no damage.
Deactivating autopickup; reactivate with Ctrl-A.
You miss something. Something hits you but does no damage.
You miss something.
You hear some strange, mumbled words.
A magic dart appears from out of thin air!
The magic dart hits you.
You miss something.
You hear some strange, mumbled words.
A puff of flame appears from out of thin air!
The puff of flame hits you.
* * * LOW HITPOINT WARNING * * *
You hear some strange, mumbled words.
A puff of flame appears from out of thin air!
The puff of flame hits you!
You die...

###....#.##.........
.........###...).#
#.......(.##†)†#
..........###..#
####.......###..#
................##
###.............#
#†††....###{#.#
#.<.....# #@#.#
####.#### #.#.# #...
#.#.# .........#
##.####.### #.# #.
.# #


There were no monsters in sight!

Vanquished Creatures
  An orc wizard (D:2)
  2 adders (D:2)
  2 dart slugs (D:1)
  3 orcs (D:2)
  2 ball pythons
  2 bats (D:1)
  2 endoplasms (D:1)
  2 goblins (D:1)
  A hobgoblin (D:2)
  A quokka (D:2)
  A frilled lizard (D:1)
  A rat (D:1)
20 creatures vanquished.

Notes
Turn   | Place    | Note
-------+----------+-------------------------------------------
     0 | D:1      | rocketpapaya the Gargoyle Fighter began the quest for the
                  | Orb.
     0 | D:1      | Reached XP level 1. HP: 14/14 MP: 1/1
   186 | D:1      | Reached XP level 2. HP: 8/19 MP: 2/2
   711 | D:2      | Reached XP level 3. HP: 19/23 MP: 3/3
   801 | D:2      | Killed from afar by an orc wizard

Illustrated notes

Levels and vault maps discovered:
D:1:      nzn_arrival_crosshair, layout_rooms, kennysheep_another_room
D:2:      layout_loops_ring, dilly_ecumenical_altar_fadedgnrine,
          minmay_lizard_king

Skill      XL: |  1  2 |
---------------+-------+-----
Axes           | 2 3 |  3.6
Fighting       | |  3.2
Armour         | |  3.2
Shields        | |  3.2

Action                   || total
-------------------------++-------
Melee: War axe           ||    47
Armor: Scale mail        ||    36
Dodge: Dodged            ||    25
Block: Buckler           ||     9

Table legend: (Time is in decaauts)
 A = Elapsed time spent in this place.
 B = Non-inter-level travel time spent in this place.
 C = Inter-level travel time spent in this place.
 D = Time resting spent in this place.
 E = Time spent auto-exploring this place.
 F = Levels seen in this place.
 G = Mean time per level.
                   A        B        C        D        E       F      G
               +--------+--------+--------+--------+--------+-----+--------+
         Total |    819 |    794 |     25 |      0 |    665 |   2 |  409.5 |
       Dungeon |    819 |    794 |     25 |      0 |    665 |   2 |  409.5 |
               +--------+--------+--------+--------+--------+-----+--------+

Top non-repeatable levels by time:
     D:1: 713 daAuts
     D:2: 106 daAuts
